 Dungeon Crawl Stone Soup version 0.31-a0-150-g89dc3ad700 (webtiles) character file.

Game seed: 7056339038601532106

429 Demosthentine the Poker (level 6, -1/48 HPs)
             Began as a Demonspawn Gladiator on June 9, 2023.
             Slain by an orc warrior
             ... wielding a +2 short sword of venom
              (5 damage)
             ... on level 4 of the Dungeon.
             The game lasted 00:04:02 (3286 turns).

Demosthentine the Poker (Demonspawn Gladiator)      Turns: 3286, Time: 00:04:02

Health: -1/48      AC:  3    Str: 16    XL:     6   Next: 66%
Magic:  6/6        EV: 14    Int: 10    God:
Gold:   156        SH:  0    Dex: 20    Spells: 5/5 levels left

rFire   + . .        a - +0 trident
rCold   . . .        (no shield)
rNeg    . . .        b - +0 leather armour
rPois   .            (helmet restricted)
rElec   .            (no cloak)
rCorr   .            (no gloves)
SInv    .            (no boots)
Will    .....        (no amulet)
Stlth   +            p - +6 ring of dexterity
HPRegen 0.28/turn    j - ring of protection from fire
MPRegen 0.10/turn

%: no passive effects
@: confused
A: hooves 2, horns 1, powered by pain 1
a: no special abilities


You were on level 4 of the Dungeon.
You visited 1 branch of the dungeon, and saw 4 of its levels.

You collected 156 gold pieces.

Inventory:

Hand Weapons
 a - a +0 trident (weapon)
Missiles
 d - a throwing net (quivered)
 e - a javelin
 f - 9 poisoned darts
 l - 2 boomerangs
Armour
 b - a +0 leather armour (worn)
Jewellery
 g - a ring of protection from cold
 j - a ring of protection from fire (right hand)
 p - a +6 ring of dexterity (left hand)
Wands
 c - a wand of polymorph (5)
Scrolls
 h - a scroll of magic mapping
 m - a scroll of fog
 n - a scroll of teleportation
Potions
 i - a potion of cancellation
 k - a potion of mutation
 o - a potion of brilliance


   Skills:
 + Level 3.9 Fighting
 + Level 4.1 Polearms
 - Level 1.7 Throwing
 + Level 2.8 Armour
 + Level 4.1 Dodging


You had 5 spell levels left.
You didn't know any spells.
Your spell library contained the following spells:

 Spells                   Type           Power      Damage    Failure   Level
 Kiss of Death            Conj/Necr      0%         2d5       41%         1
 Confusing Touch          Hex            0%         N/A       80%         3
 Dispel Undead            Necr           0%         3d6       99%         4
 Passage of Golubria      Tloc           0%         N/A       99%         4
 Silence                  Hex/Air        0%         N/A       100%        5
 Lehudib's Crystal Spear  Conj/Erth      0%         10d2      100%        8


Dungeon Overview and Level Annotations

Branches:
Dungeon (4/15)
 Temple: D:4-7

Altars:
Cheibriados

Annotations:
D:3 1 runed translucent door, lessens's ghost, amateur MiFE


Innate Abilities, Weirdness & Mutations

You have hoof-like feet.
You have a pair of small horns on your head.
You sometimes gain a little power by taking damage.


Message History

The orc wizard flickers and vanishes!
Deactivating autopickup; reactivate with Ctrl-A.
The orc priest invokes the aid of Beogh against you.
Beogh smites you!
You closely miss the orc priest. Your kick misses the orc priest.
The orc priest is almost dead.
The orc priest mumbles some strange prayers to Beogh against you.
Beogh smites you! The orc barely misses you.
Unknown command.
You hit the orc priest. Your headbutt misses the orc priest.
The orc priest is almost dead.
The orc priest closely misses you. The orc priest misses you.
Unknown command.
You puncture the orc priest!
You kill the orc priest!
The orc warrior completely misses you.
You closely miss something. Your kick misses something.
You hear some strange, mumbled words.
A magic dart appears from out of thin air!
The magic dart hits you. The orc warrior barely misses you.
Unknown command.
Unknown command.
Something hits you. The orc attacks as you move away! The orc misses you.
You hear some strange, mumbled words.
You are confused.
Okay, then.
You are too confused!
Unknown command.
Unknown command.
You bump into the rock wall.
The orc misses you. The orc warrior misses you.
You completely miss the orc. Your kick misses the orc. You headbutt the orc.
The orc is moderately wounded.
Something hits you.
* * * LOW HITPOINT WARNING * * *
You are electrocuted!
* * * LOW HITPOINT WARNING * * *
The orc hits you with a +0 mace.
* * * LOW HITPOINT WARNING * * *
The orc warrior hits you with a +2 short sword of venom.
You die...

...# ...# .##.. ...####
..... ....... #.....
..... #..#... ##...#
#..# #.## ##)...#
#..###..###o..##. #
###..........@o###.
####.............## #.#
....##..#####.<.## ##.#
.#.###..# #...# ##..##
.#.# ##.# ##.###.....##
...# #.#
#......##..####..# #..#
#.## ##...###..<.......
#..####..#
###.........####....
#.......)###..##......##
.


You could see an orc warrior and an orc.

Vanquished Creatures
  An ogre (D:4)
  A kobold brigand (D:4)
  An orc priest (D:4)
  A hound (D:4)
  Terence (D:2)
  An iguana (D:4)
  Natasha (twice) (D:2)
  2 adders
  A gnoll (D:4)
  4 worms (D:2)
  4 dart slugs
  An orc (D:3)
  9 ball pythons
  6 endoplasms
  4 giant cockroaches
  2 goblins
  4 hobgoblins
  7 jackals
  5 kobolds
  3 quokkas
  3 bats
  3 frilled lizards (D:2)
  4 rats
70 creatures vanquished.

Notes
Turn   | Place    | Note
-------+----------+-------------------------------------------
     0 | D:1      | Demosthentine the Demonspawn Gladiator began the quest for
                  | the Orb.
     0 | D:1      | Reached XP level 1. HP: 16/16 MP: 1/1
   243 | D:1      | Gained mutation: You sometimes gain a little power by
                  | taking damage. [demonic ancestry]
   243 | D:1      | Reached XP level 2. HP: 22/22 MP: 2/2
   767 | D:2      | Noticed Terence
   776 | D:2      | Killed Terence
   777 | D:2      | Reached skill level 1 in Armour
   777 | D:2      | Discovered your monstrous ancestry.
   777 | D:2      | Gained mutation: You have large cloven feet. [demonic
                  | ancestry]
   777 | D:2      | Reached XP level 3. HP: 20/28 MP: 3/3
  1149 | D:2      | Noticed Natasha
  1151 | D:2      | Killed Natasha
  1152 | D:2      | Gained mutation: You have a pair of small horns on your
                  | head. [demonic ancestry]
  1152 | D:2      | Reached XP level 4. HP: 32/34 MP: 4/4
  1605 | D:2      | Noticed Natasha
  1613 | D:2      | Killed Natasha
  1614 | D:2      | Gained mutation: You have hoof-like feet. [demonic
                  | ancestry]
  1614 | D:2      | Reached XP level 5. HP: 31/41 MP: 5/5
  1948 | D:3      | Found a runed translucent door.
  1948 | D:3      | Noticed lessens's ghost (amateur MiFE)
  2209 | D:3      | Found a snail-covered altar of Cheibriados.
  2903 | D:4      | Reached XP level 6. HP: 7/47 MP: 6/6
  3275 | D:4      | Noticed an orc warrior
  3286 | D:4      | Slain by an orc warrior

Illustrated notes

Levels and vault maps discovered:
D:1:      lemuel_arrival_cross, layout_basic
D:2:      layout_basic, minmay_misc_feat_square, minivault_11,
          chequers_serial_rivers_small_b, minmay_bisected, uniq_natasha,
          uniq_terence
D:3:      layout_loops_corners, mainiacjoe_overflow_small_starburst,
          hellmonk_ghost_happy_afterlife, roderic_roman_lattice
D:4:      layout_layer_cave, minivault_27, kennysheep_generic_room_9

Skill      XL: |  1  2  3  4  5  6 |
---------------+-------------------+-----
Polearms       | 3 4 |  4.1
Armour         | 1 2 |  2.8
Dodging        | 3 4 |  4.1
Fighting       | 3 |  3.9
Throwing       | |  1.7

Action                     |  1- 3 |  4- 6 || total
---------------------------+-------+-------++-------
  Melee: Trident           |    91 |   110 ||   201
         Punch             |     2 |     1 ||     3
         Kick              |    13 |    24 ||    37
         Headbutt          |       |    14 ||    14
  Throw: Throwing net      |     1 |     1 ||     2
    Use: Scroll            |     3 |     7 ||    10
         Potion            |       |     3 ||     3
   Stab: Held in net/web   |     1 |     1 ||     2
         Sleeping          |       |     4 ||     4
 Armour: Leather armour    |    17 |     5 ||    22
  Dodge: Dodged            |    43 |    58 ||   101

Table legend: (Time is in decaauts)
 A = Elapsed time spent in this place.
 B = Non-inter-level travel time spent in this place.
 C = Inter-level travel time spent in this place.
 D = Time resting spent in this place.
 E = Time spent auto-exploring this place.
 F = Levels seen in this place.
 G = Mean time per level.
                   A        B        C        D        E       F      G
               +--------+--------+--------+--------+--------+-----+--------+
         Total |   3293 |   3250 |     43 |      0 |   2699 |   4 |  823.2 |
       Dungeon |   3293 |   3250 |     43 |      0 |   2699 |   4 |  823.2 |
               +--------+--------+--------+--------+--------+-----+--------+

Top non-repeatable levels by time:
     D:2: 1182 daAuts
     D:3: 885 daAuts
     D:1: 764 daAuts
     D:4: 461 daAuts
